 Dungeon Sprint DCSS version 0.30-a0-728-gc68057be0a (webtiles) character file.

Game seed: 17033621884742741798

879 Darkkill the Blocker (level 8, -4/61 HPs)
             Began as a Gargoyle Wanderer on Jan 30, 2023.
             Slain by a wyvern (14 damage)
             ... in the Dungeon (Sprint II: "The Violet Keep of Menkaure").
             The game lasted 00:02:56 (447 turns).

Darkkill the Blocker (Gargoyle Wanderer)             Turns: 447, Time: 00:02:56

Health: -4/61      AC:  9    Str: 23    XL:     8   Next: 4%
Magic:  18/18      EV: 13    Int: 13    God:
Gold:   31         SH:  8    Dex: 12    Spells: 20/21 levels left

rFire   + . .      SeeInvis .    f - +7 long sword "Tattletale" {freeze, *Rage rF+ Str+6 Dex+2}
rCold   . . .      Faith    .    e - +2 buckler
rNeg    + . .      Spirit   .    d - +0 leather armour
rPois   ∞          Reflect  .    (no helmet)
rElec   +          Harm     .    (no cloak)
rCorr   .          Rampage  .    (no gloves)
Will    .....      Rage     20%  b - +0 pair of boots Stlth NoTele +
                                 (no amulet)
HPRegen 0.30/turn                (no ring)
MPRegen 0.16/turn                (no ring)

@: berserking, slow
A: sickness immunity, AC +5, negative energy resistance 1, electricity
resistance, torment resistance 1, petrification resistance
a: no special abilities


You were in the Dungeon.
You visited 1 branch You collected 486 gold pieces.
You spent 455 gold pieces at shops.

Inventory:

Hand Weapons
 f - the +7 long sword "Tattletale" (weapon) {freeze, *Rage rF+ Str+6 Dex+2}
   (You bought it in a shop in the Dungeon)

   Str:       It affects your strength (+6).
   Dex:       It affects your dexterity (+2).
   rF:        It protects you from fire.
   *Rage:     It berserks you when you make melee attacks (+20% chance).
Armour
 b - a +0 pair of boots (worn)
 d - a +0 leather armour (worn)
 e - a +2 buckler (worn)
Potions
 g - a potion of haste
 h - 2 potions of magic


   Skills:
 + Level 6.4 Dodging
 + Level 9.2 Stealth
 + Level 9.5 Shields
 + Level 7.3 Spellcasting
 + Level 7.2 Summonings


You had 20 spell levels left.
You knew the following spells:

 Your Spells              Type           Power      Damage    Failure   Level
a - Summon Small Mammal   Summ           92%        N/A       1%          1

Your spell library contained the following spells:

 Spells                   Type           Power      Damage    Failure   Level
 Call Canine Familiar     Summ           23%        N/A       3%          3


Dungeon Overview and Level Annotations

Branches:
Dungeon (1/1)

Altars:

Shops:
D !::=[!([(?[!==[

Annotations:
D exclusions: oklob plant and orange crystal statue


Innate Abilities, Weirdness & Mutations

You are immune to sickness and miasma.
Your stone body is resilient. (AC +5)
You are immune to poison.
You resist negative energy. (rN+)
You are resistant to electric shocks. (rElec)
You are resistant to unholy torment.
You are immune to petrification.


Message History

You feel much better. You block the wyvern's attack.
You barely miss the wyvern. You block the wyvern's attack.
The wyvern barely misses you. The wyvern closely misses you.
You hit the wyvern. You freeze the wyvern.
The wyvern is lightly wounded.
You block the wyvern's attack. x2
You barely miss the wyvern.
The wyvern is lightly wounded.
You block the wyvern's attack. The wyvern bites you!
Blink to where?
Press: ? - help, Q - select action, (/) - cycle Dir - move target
As you read the scroll of blinking, it crumbles to dust.
Casting: Summon Small Mammal (safe; 1% risk of failure)
Press: ? - help, Q - select action Dir - look around, f - activate
Casting: Summon Small Mammal (safe; 1% risk of failure)
Press: ? - help, Q - select action Dir - look around, f - activate Your quokka bites the wyvern but does no damage.
Casting: Summon Small Mammal (safe; 1% risk of failure)
Press: ? - help, Q - select action Dir - look around, f - activate Your quokka disappears in a puff of smoke!
The wyvern closely misses your quokka.
Your quokka barely misses the wyvern.
The wyvern bites your quokka. Something closely misses your quokka.
There is an open door here.
You enter the shallow water.
Moving in this stuff is going to be slow.
The orange crystal statue is engulfed in mutagenic fog.
Something closely misses your quokka. x2
The wyvern bites your quokka.
Your quokka splashes around in the water.
The wyvern bites your quokka!
Your quokka dies!
Your quokka's corpse disappears in a puff of smoke!
You block the wyvern's attack. The wyvern closely misses you.
The wyvern bites you but does no damage.
You block the wyvern's attack. The wyvern bites you.
The wyvern attacks as you move away! The wyvern closely misses you. x2
The wyvern closely misses you. You block the wyvern's attack.
The wyvern attacks as you move away! You block the wyvern's attack.
The wyvern bites you. x2
The wyvern bites you but does no damage.
The wyvern attacks as you move away! The wyvern barely misses you.
You block the wyvern's attack. The wyvern misses you.
The wyvern closely misses you.
You feel much better.
The cane toad croaks.
You hear a bellow!
The wyvern misses you. The wyvern bites you. You block the wyvern's attack. x2
You block the wyvern's attack. The wyvern attacks as you move away!
You block the wyvern's attack. x2
Your unstable footing causes you to fumble your attack.
The wyvern barely misses you. You block the wyvern's attack.
The wyvern bites you! The wyvern attacks as you move away!
You block the wyvern's attack. The wyvern closely misses you.
The wyvern bites you!
* * * LOW HITPOINT WARNING * * *
The wyvern misses you.
You feel much better. You block the wyvern's attack. The wyvern bites you!
The wyvern closely misses you. The wyvern barely misses you.
You slash the wyvern! You freeze the wyvern.
The wyvern is heavily wounded.
You block the wyvern's attack. The wyvern bites you. The wyvern misses you.
The wyvern bites you!
You completely miss the wyvern.
The wyvern is heavily wounded.
You block the wyvern's attack. The wyvern bites you!
* * * LOW HITPOINT WARNING * * *
The wyvern bites you.
* * * LOW HITPOINT WARNING * * *
The wyvern closely misses you.
You slash the wyvern! You freeze the wyvern.
You kill the wyvern!
You block the wyvern's attack. x2
Your Stealth skill increases to level 9!
You have reached level 8!
You feel clever.
You feel better.
The wyvern bites you but does no damage.
You block the wyvern's attack.
You feel better. The wyvern bites you!
* * * LOW HITPOINT WARNING * * *
You feel better. The wyvern bites you!
* * * LOW HITPOINT WARNING * * *
The wyvern closely misses you.
You feel better. You block the wyvern's attack. The wyvern bites you!
* * * LOW HITPOINT WARNING * * *
The wyvern completely misses you.
Your unstable footing causes you to fumble your attack.
You block the wyvern's attack.
The wyvern bites you but does no damage.
A red film seems to cover your vision as you go berserk!
You feel yourself moving faster!
You feel mighty!
Your unstable footing causes you to fumble your attack.
The wyvern bites you.
* * * LOW HITPOINT WARNING * * *
The wyvern misses you.
Your unstable footing causes you to fumble your attack.
The wyvern misses you. The wyvern bites you!
You die...

## ~##
############~~#+++#
###########~~~....
##........#~~~~.#
##....⌠...#~~~~## ##
##...∩.∩..#~~~~#.# #.#
##..∩.∩.∩.#~~####.#.# ##
##.∩.∩...∩#@##. #'###.##
##∩.∩†..∩.#l#
#.##.##...#
##.∩.....∩'~+ #+.<.'.#.+
##∩.......#~# ###l##.).#
#▓▓▓▓▓▓▓###~## ##l###.##
##=)Y######~~####.§.####
#$.F#$ ##~~~#.r#..# ~


#∩PF+JJ #'#~##§#.## ~~~ #/?.#)## #|#~~##'##~~~≈≈ You could see a death yak, a
cane toad and a wyvern.

Vanquished Creatures
  A merfolk siren (D)
  A wyvern (D)
  2 water moccasins (D)
  4 necrophages (D)
  A hell rat (D)
9 creatures vanquished.

Vanquished Creatures (others)
  Menkaure (D)
1 creature vanquished.

Grand Total: 10 creatures vanquished

Notes
Turn   | Place    | Note
-------+----------+-------------------------------------------
     0 | D        | Darkkill the Gargoyle Wanderer began the quest for the Orb.
     0 | D        | Darkkill set off with the following items: a +0 club, a +0
                  | pair of boots, 2 potions of heal wounds, a +0 leather
                  | armour, a +2 buckler, a potion of curing {@q1}, a potion of
                  | haste, 2 potions of magic, a potion of berserk rage, a
                  | scroll of blinking; and the following spell memorised:
                  | Summon Small Mammal; and the following spells available to
                  | memorise: Call Canine Familiar.
     0 | D        | Reached XP level 1. HP: 10/10 MP: 3/3
     1 | D        | Noticed a necrophage
     1 | D        | Noticed a necrophage
     1 | D        | Noticed a necrophage
     1 | D        | Noticed a necrophage
     5 | D        | Killed a necrophage
     6 | D        | Reached skill level 5 in Shields
     6 | D        | Reached XP level 2. HP: 15/15 MP: 3/6
     6 | D        | Reached XP level 3. HP: 19/19 MP: 4/8
     8 | D        | Killed Menkaure
    10 | D        | Killed a necrophage
    11 | D        | Reached skill level 5 in Stealth
    11 | D        | Reached XP level 4. HP: 24/24 MP: 5/10
    11 | D        | Reached XP level 5. HP: 28/28 MP: 5/11
    65 | D        | HP: 5/28 [necrophage (2)]
    69 | D        | Reached skill level 5 in Spellcasting
    69 | D        | Reached skill level 5 in Summonings
    69 | D        | Reached XP level 6. HP: 7/32 MP: 13/13
   170 | D        | Noticed a merfolk siren
   240 | D        | Killed a merfolk siren
   241 | D        | Reached skill level 5 in Dodging
   241 | D        | Reached XP level 7. HP: 20/36 MP: 13/16
   296 | D        | Noticed a neqoxec
   305 | D        | Noticed an orange crystal statue
   309 | D        | Found Zus Tees's Antique Armour Emporium.
   311 | D        | Found Wilifoska's Jewellery Shoppe.
   315 | D        | Found Cutyvetu's Magic Scroll Shoppe.
   316 | D        | Found Cigher's Antique Weapon Shoppe.
   316 | D        | Found Ommeecro's Distillery.
   317 | D        | Found Dexafist's Antique Armour Shoppe.
   317 | D        | Found Huinoihy's Armour Emporium.
   318 | D        | Found Fyxeav's Antique Weapon Shoppe.
   318 | D        | Found Biawakh's Jewellery Shoppe.
   318 | D        | Found Xeunguap's Distillery.
   323 | D        | Found Ruurgh's Antique Armour Shoppe.
   323 | D        | Found Rybuof's Jewellery Emporium.
   323 | D        | Noticed a death yak
   323 | D        | Noticed an oklob plant
   323 | D        | Noticed a cane toad
   324 | D        | Found Cuntur's Book Shoppe.
   324 | D        | Found Aroho's Distillery.
   324 | D        | Found Iwotsuc's Book Shoppe.
   324 | D        | Noticed a cane toad
   330 | D        | Noticed a slime creature
   333 | D        | Bought a masterwork long sword for 195 gold pieces
   333 | D        | Identified the +7 long sword "Tattletale" {freeze, *Rage
                  | rF+ Str+6 Dex+2} (You bought it in a shop in the Dungeon)
   345 | D        | Bought a potion of curing for 33 gold pieces
   345 | D        | Bought a potion of heal wounds for 55 gold pieces
   345 | D        | Bought a potion of curing for 33 gold pieces
   364 | D        | Bought a potion of curing for 42 gold pieces
   364 | D        | Bought a potion of curing for 42 gold pieces
   365 | D        | Noticed a slime creature
   368 | D        | Bought a potion of heal wounds for 55 gold pieces
   402 | D        | Noticed a wyvern
   402 | D        | Noticed a wyvern
   438 | D        | HP: 7/36 [wyvern (8)]
   438 | D        | HP: 1/36 [wyvern (6)]
   439 | D        | Killed a wyvern
   440 | D        | Reached XP level 8. HP: 2/41 MP: 18/18
   444 | D        | HP: 8/41 [wyvern (9)]
   447 | D        | Slain by a wyvern

Illustrated notes

Levels and vault maps discovered:
D:        the_violet_keep_of_menkaure [sprint2_stairs_cluster_1,
          sprint2_shoproom, sprint2_temple, sprint2_basic_supplies,
          sprint2_obstacle_4, sprint2_obstacle_1, sprint2_obstacle_7,
          sprint2_obstacle_2, sprint2_obstacle_6, sprint2_timed_cluster_1,
          sprint2_smallroom_cluster_1, sprint2_smallroom_final_cluster_1,
          sprint2_transparent_cluster_1, sprint2_second_timed_cluster_1,
          sprint2_sniper_area_1, sprint2_heavy_combat_area_1,
          sprint2_mutation_trap_area_1, sprint2_forest_area_1,
          sprint2_light_combat_area_1, sprint2_behind_water_1,
          sprint2_near_end_vault_1]

Skill      XL: |  1  2  3  4  5  6  7 |
---------------+----------------------+-----
Dodging        | 2 3 4 5 6 |  6.4
Stealth        | 4 5 6 8 9 |  9.2
Shields        | 5 6 7 8 9 |  9.5
Spellcasting   | 3 4 5 6 7 |  7.3
Summonings     | 3 4 5 6 7 |  7.2

Action                     |  1- 3 |  4- 6 |  7- 9 || total
---------------------------+-------+-------+-------++-------
  Melee: Club              |     8 |   123 |       ||   131
         Long sword        |       |       |    25 ||    25
   Cast: Summon Small Mamm |       |       |     3 ||     3
    Use: Potion            |     1 |     2 |     7 ||    10
         Scroll            |       |       |     1 ||     1
   Stab: Sleeping          |       |       |     1 ||     1
 Armour: Leather armour    |     1 |    22 |     7 ||    30
  Dodge: Dodged            |     2 |    30 |    29 ||    61
  Block: Buckler           |     1 |    24 |    28 ||    53

Table legend: (Time is in decaauts)
 A = Elapsed time spent in this place.
 B = Non-inter-level travel time spent in this place.
 C = Inter-level travel time spent in this place.
 D = Time resting spent in this place.
 E = Time spent auto-exploring this place.
 F = Levels seen in this place.
 G = Mean time per level.
                   A        B        C        D        E       F      G
               +--------+--------+--------+--------+--------+-----+--------+
         Total |    542 |    525 |     17 |    139 |      0 |   1 |  542.0 |
       Dungeon |    542 |    525 |     17 |    139 |      0 |   1 |  542.0 |
               +--------+--------+--------+--------+--------+-----+--------+

Top non-repeatable levels by time:
       D: 542 daAuts

Table legend:
 A = Kills in this place as a percentage of kills in entire the game.
 B = Kills by you in this place as a percentage of kills by you in the entire game.
 C = Kills by friends in this place as a percentage of kills by friends in the entire game.
 D = Other kills in this place as a percentage of other kills in the entire game.
 E = Experience gained in this place as a percentage of experience gained in the entire game.
 F = Experience gained in this place divided by the number of levels of this place that you have seen.
                   A       B       C       D       E      F
               +-------+-------+-------+-------+-------+----------------------
         Total | 100.0 | 100.0 |   N/A |   N/A | 100.0 | 1256.0
       Dungeon | 100.0 | 100.0 |   N/A |   N/A | 100.0 | 1256.0
               +-------+-------+-------+-------+-------+----------------------
